 Dungeon Crawl Stone Soup version 0.27.1-33-g824d729ab1 (webtiles) character file.

Game seed: 17644282868523761518

382 KamiKatze the Chopper (level 6, -1/58 HPs)
             Began as a Gargoyle Berserker on Dec 21, 2021.
             Was a Priest of Trog.
             Slain by a yak (9 damage)
             ... on level 4 of the Dungeon.
             The game lasted 00:12:38 (3949 turns).

KamiKatze the Chopper (Gargoyle Berserker)          Turns: 3949, Time: 00:12:39

Health: -1/58      AC: 10    Str: 23    XL:     6   Next: 76%
Magic:  6/6        EV: 11    Int:  7    God:    Trog [***...]
Gold:   219        SH:  0    Dex:  9    Spells: 5/5 levels left

rFire    . . .     SeeInvis .   a - +0 hand axe
rCold    . . .     Faith    .   (no shield)
rNeg     + . .     Spirit   .   h - +0 ring mail
rPois    ∞         Reflect  .   (no helmet)
rElec    +         Harm     .   (no cloak)
rCorr    .         Rampage  .   (no gloves)
Will     .....                  (no boots)
Stlth    ..........             (no amulet)
HPRegen  0.19/turn              (no ring)
MPRegen  0.10/turn              (no ring)

@: berserking, very quick
A: sickness immunity, AC +4, negative energy resistance 1, electricity
resistance, torment resistance 1, petrification resistance
a: Renounce Religion, Berserk, Trog's Hand


You were on level 4 of the Dungeon.
You worshipped Trog.
Trog was most pleased with you.
You visited 2 branches of the dungeon, and saw 6 of its levels.

You collected 219 gold pieces.

Inventory:

Hand Weapons
 a - a +0 hand axe (weapon)
Missiles
 g - 113 stones (quivered)
 p - 30 poisoned darts
Armour
 f - a +0 scale mail
 h - a +0 ring mail (worn)
 j - a +0 buckler
 m - a +0 chain mail
 r - a +2 buckler
Jewellery
 k - a ring of fire
Scrolls
 b - a scroll of magic mapping {unknown}
 c - 2 scrolls of identify {unknown}
 i - a scroll of noise {unknown}
 n - a scroll of teleportation {unknown}
 q - a scroll of fear {unknown}
 s - a scroll of silence {unknown}
 u - a scroll of fog {unknown}
Potions
 d - 3 potions of heal wounds {unknown}
 e - 3 potions of curing {unknown}
 l - a potion of lignification {unknown}
 o - a potion of cancellation {unknown}
 t - a potion of degeneration {unknown}
 v - 2 potions of flight {unknown}
 w - 2 potions of mutation {unknown}


   Skills:
 + Level 4.6 Fighting
 * Level 4.7 Axes
 + Level 3.9 Armour
 + Level 2.8 Dodging


You had 5 spell levels left.
You didn't know any spells.
Your spell library contained the following spells:

 Spells                   Type           Power      Damage    Failure   Level
 Dazzling Flash           Conj/Hex       0%         N/A       91%         3
 Agony                    Necr           0%         N/A       100%        5
 Silence                  Hex/Air        0%         N/A       100%        5


Dungeon Overview and Level Annotations

Branches:
Dungeon (5/15)             Temple (1/1) D:4

Altars:
Ashenzari
Cheibriados
Dithmenos
Elyvilon
Fedhas
Gozag
Hepliaklqana
Kikubaaqudgha
Makhleb
Nemelex Xobeh
Okawaru
Qazlal
Sif Muna
Trog
Uskayaw
Vehumet
Wu Jian
Xom
Yredelemnul
Zin
The Shining One


Innate Abilities, Weirdness & Mutations

You are immune to sickness and miasma.
Your stone body is resilient. (AC +4)
You are immune to poison.
You resist negative energy. (rN+)
You are resistant to electric shocks. (rElec)
You are resistant to unholy torment.
You are immune to petrification.


Message History

The orc wizard shouts!
The yak barely misses you.
There is a stone staircase leading up here.
You can't go down here!
The dart slug barely misses you.
You climb upwards.
There is a stone staircase leading down here.
Unknown command.
The yak closely misses you. The dart slug launches a dart at you.
The slug dart misses you.
There is a stone staircase leading up here.
Okay, then.
A red film seems to cover your vision as you go berserk!
You feel yourself moving faster!
You feel mighty! The yak gores you!
* * * LOW HITPOINT WARNING * * *
You are too injured to fight recklessly!
You are too injured to fight recklessly!
You are too injured to fight recklessly!
You are too injured to fight recklessly!
You slash the yak!
The yak is lightly wounded.
You slash the yak!
The yak is heavily wounded.
You hit the yak but do no damage. The yak misses you.
You hit the yak.
The yak is lightly wounded.
You hit the yak. The yak gores you!
* * * LOW HITPOINT WARNING * * *
The yak gores you!
* * * LOW HITPOINT WARNING * * *
Unknown command.
You slash the yak!
The yak is moderately wounded.
You slash the yak! The yak misses you. The yak closely misses you.
Unknown command.
You slice the yak!!
The yak is severely wounded.
You barely miss the yak. The yak gores you!
You die...

##.....#..........##.............
#...#.(...#....#..........#.#...#
...........##..#.........#####...
......#....###...........### #...
..##..#....# #..#..##......####..
...........###w..####.......##...
............###..# ####..#.##...
.>..#......###.YY# ####.##......
.......##.......@####.....##.....
.................#...............
............#....#.....####......
.......##...#.........####.....#.
###..###...###.....#..###.....##.
###...#...........###..##...#....
##.......#.....#...#....##..#....
###....###..>..###..........#..##
###......#..)..#.........#.......


You could see 2 yaks and a dart slug.

Vanquished Creatures
  An ogre (D:4)
  A scorpion (D:4)
  A jelly (D:5)
  A bullfrog skeleton (D:4)
  An iguana (D:4)
  An orc wizard (D:3)
  2 adders
  2 worms
  3 dart slugs
  9 orcs (D:3)
  5 endoplasms
  2 giant cockroaches
  5 goblins
  9 hobgoblins
  12 jackals
  12 kobolds
  6 quokkas
  7 ball pythons
  4 bats
  A frilled lizard (D:2)
  4 rats
89 creatures vanquished.

Vanquished Creatures (others)
  2 plants (D:1)
  6 withered plants (D:1)
8 creatures vanquished.

Grand Total: 97 creatures vanquished

Notes
Turn   | Place    | Note
-------+----------+-------------------------------------------
     0 | D:1      | KamiKatze the Gargoyle Berserker began the quest for the
                  | Orb.
     0 | D:1      | Reached XP level 1. HP: 14/14 MP: 1/1
    72 | D:1      | HP: 1/21 [quokka (1)]
   447 | D:1      | Reached XP level 2. HP: 18/19 MP: 2/2
   594 | D:1      | Reached XP level 3. HP: 21/23 MP: 3/3
   624 | D:1      | Reached ** piety under Trog
   727 | D:1      | You fall into a shaft and drop 1 floor!
  1014 | D:1      | Found a faded altar of an unknown god.
  1420 | D:2      | Reached XP level 4. HP: 20/29 MP: 4/4
  2038 | D:3      | Reached XP level 5. HP: 32/33 MP: 5/5
  2058 | D:3      | Reached *** piety under Trog
  2572 | D:4      | Found a staircase to the Ecumenical Temple.
  2581 | Temple   | Entered the Ecumenical Temple
  2891 | D:4      | Noticed an ogre
  2900 | D:4      | Killed an ogre
  2901 | D:4      | Reached XP level 6. HP: 29/39 MP: 6/6
  3867 | D:5      | Entered Level 5 of the Dungeon
  3920 | D:5      | Noticed a yak
  3920 | D:5      | Noticed a yak
  3920 | D:5      | Noticed a yak
  3920 | D:5      | Noticed a yak
  3949 | D:4      | Slain by a yak

Illustrated notes

Levels and vault maps discovered:
D:1:      lemuel_arrival_room, layout_basic,
          shapermc_ecumenical_altar_flowoftime, nrook_campfire
D:2:      layout_rooms
D:3:      layout_basic, minivault_27
D:4:      layout_cave_pools, minmay_temple_entry_tees
D:5:      layout_gridville, serial_rivers, chequers_serial_rivers_micro_c,
          chequers_serial_rivers_large_a, chequers_serial_rivers_small_b,
          chequers_serial_rivers_small_b, uniq_menkaure, uniq_duvessa
Temple:   roderic_octagonal_lattice_temple

Skill      XL: |  1  2  3  4  5 |
---------------+----------------+-----
Axes           | 3 4 |  4.7
Dodging        | 2 |  2.8
Armour         | 3 |  3.9
Fighting       | 4 |  4.6

Action                   |  1- 3 |  4- 6 || total
-------------------------+-------+-------++-------
Melee: Hand axe          |   125 |   163 ||   288
Throw: Stone             |       |     1 ||     1
Invok: Berserk           |     1 |     3 ||     4
Armor: Animal skin       |    25 |       ||    25
       Ring mail         |    28 |    59 ||    87
Dodge: Dodged            |    77 |   103 ||   180
